 Dungeon Crawl Stone Soup version 0.22.1-2-g9c5b331 (webtiles) character file.

12213 Fang the Cleaver (level 11, -14/108 HPs)
             Began as a Gargoyle Berserker on Dec 13, 2018.
             Was a High Priest of Trog.
             Demolished by Sonja
             ... wielding a +2 dagger of distortion
              (16 damage)
             ... on level 1 of the Lair of Beasts.
             The game lasted 00:14:17 (11668 turns).

Fang the Cleaver (Gargoyle Berserker)              Turns: 11668, Time: 00:14:18

Health: -14/108    AC: 13    Str: 33    XL:     11   Next: 89%
Magic:  11/11      EV: 13    Int: 13    God:    Trog [*****.]
Gold:   573        SH:  3    Dex:  9    Spells: 10/10 levels left

rFire    . . .     SeeInvis .   x - +2 war axe
rCold    . . .     Gourm    .   (no shield)
rNeg     + + .     Faith    .   w - +2 robe "Xueleeh" {rElec rPois rCorr Str+5}
rPois    ∞         Spirit   .   (no helmet)
rElec    +         Reflect  +   (no cloak)
rCorr    +         Harm     .   (no gloves)
MR       .....                  t - -1 pair of boots of the Skies Above {Int+4 Stlth-}
Stlth    ..........             s - +3 amulet of reflection
HPRegen  0.28/turn              (no ring)
MPRegen  0.12/turn              u - ring of positive energy

@: berserking (expiring), very quick
A: negative energy resistance 1, electricity resistance, unbreathing,
petrification resistance, rot immunity, AC +8
a: Berserk, Trog's Hand, Brothers in Arms, Renounce Religion


You were on level 1 of the Lair of Beasts.
You worshipped Trog.
Trog was extremely pleased with you.
You were very hungry.

You visited 3 branches of the dungeon, and saw 12 of its levels.

You collected 573 gold pieces.

Inventory:

Hand Weapons
 v - a +1 hand axe of chopping
 x - a +2 war axe (weapon)
Armour
 j - a +5 plate armour
 t - the -1 pair of boots of the Skies Above (worn) {Int+4 Stlth-}
   (You found it on level 4 of the Dungeon)

   It affects your intelligence (+4).
   It makes you less stealthy.
 w - the +2 robe "Xueleeh" (worn) {rElec rPois rCorr Str+5}
   (You found it on level 9 of the Dungeon)

   It affects your strength (+5).
   It insulates you from electricity.
   It protects you from poison.
   It provides partial protection from all sources of acid and corrosion.
Jewellery
 s - a +3 amulet of reflection (around neck)
 u - a ring of positive energy (right hand)
Wands
 m - a wand of iceblast (17)
 q - a wand of digging (27)
 r - a wand of paralysis (28)
Scrolls
 a - 2 scrolls of fog
 d - 3 scrolls of remove curse
 e - a scroll of identify
 g - a scroll of magic mapping
 i - 6 scrolls of teleportation
Potions
 b - 2 potions of heal wounds
 h - 3 potions of flight
 k - a potion of might
 l - 3 potions of magic
 n - 3 potions of lignification
 o - a potion of haste
 p - 2 potions of agility
Comestibles
 c - 22 rations


   Skills:
 + Level 9.7 Fighting
 + Level 12.9 Axes
 + Level 8.4 Armour
 + Level 4.0 Dodging
 + Level 2.8 Stealth


You had 10 spell levels left.
You didn't know any spells.
Your spell library was empty.

Dungeon Overview and Level Annotations

Branches:
Dungeon (10/15)            Temple (1/1) D:5            Lair (1/6) D:8
    Orc (0/2) D:10

Altars:
Cheibriados
Elyvilon
Gozag
Hepliaklqana
Nemelex Xobeh
Okawaru
Qazlal
Ru
Sif Muna
Uskayaw
Wu Jian
Xom
The Shining One

Shops:
D:6 *

Annotations:
D:8 Exodus3's ghost, novice MiFi
Lair:1 Sonja


Innate Abilities, Weirdness & Mutations

You are resistant to torment.
Your stone body is resilient. (AC +8)
You are immune to poison.
You resist negative energy. (rN+)
You are resistant to electric shocks. (rElec)
You can survive without breathing.
You are immune to petrification.
You are immune to rotting.


Message History

You slash the yak!
The yak is heavily wounded.
You closely miss the yak. x2; The yak gores you but does no damage.
The yak closely misses you. The yak completely misses you.
Unknown command.
You slice the yak!!
You feel the power of Trog in you as your rage grows.
You kill the yak!
Trog accepts your kill.
Your Dodging skill increases to level 4!
You slash Sonja! You slash the yak! You slice the yak!!
You kill the yak!
Trog accepts your kill. Sonja barely misses you.
Sonja hits you with an uncursed dagger of distortion.
* * * LOW HITPOINT WARNING * * *
Space bends around you.
* * * LOW HITPOINT WARNING * * *
Sonja hits you but does no damage. Space warps horribly around you!
You die...

##P##(......#......
####......†#......
##............. #####
##............. ###....
#.............. #......
##.##..........
.......###..####........
........##...###........
.......@Y.....##........
......K††P.#............
........#####...........
......†.# ####........
........P ##........
#..........# ##..÷.###.#
##..###.....## #....##
### ###..# ####.##
###(...# ###...### ##
##P.....##


You could see a yak and Sonja.

Vanquished Creatures
  Harold (D:7)
  2 two-headed ogres (D:9)
  A cyclops (D:10)
  A spiny frog (Lair:1)
  2 komodo dragons
  A tengu conjurer (D:10)
  3 trolls (D:10)
  3 hippogriffs
  Sigmund (D:3)
  2 wyverns
  12 yaks
  A wraith (D:10)
  A hungry ghost (D:10)
  2 orc warriors
  An ice beast (D:8)
  4 sky beasts
  A phantom (D:8)
  2 necrophages
  3 ogres
  3 crocodiles
  7 centaurs
  9 big kobolds
  2 gnoll sergeants
  4 bullfrogs
  5 scorpions
  12 wights
  A howler monkey (D:6)
  4 crimson imps
  A quasit (D:5)
  A bullfrog zombie (D:6)
  12 orc wizards
  4 hounds
  A bullfrog skeleton (D:6)
  Crazy Yiuf (D:3)
  2 jellies (D:7)
  3 orc priests
  2 iguanas
  Jessica (D:3)
  Terence (D:2)
  5 worker ants
  3 hound skeletons
  10 gnolls
  10 adders
  A shadow imp (D:8)
  An ooze (D:3)
  An adder skeleton (D:4)
  4 adder zombies
  4 worms
  2 dart slugs
  2 leopard geckos
  37 orcs
  2 ball pythons
  7 bats
  12 giant cockroaches
  8 goblins
  7 hobgoblins
  14 jackals
  19 kobolds
  2 quokkas
  9 frilled lizards
  A jackal skeleton (D:4)
  A leopard gecko skeleton (D:4)
  A leopard gecko zombie (D:5)
  A quokka skeleton (D:4)
  2 rats
286 creatures vanquished.

Vanquished Creatures (collateral kills)
  2 wights (D:9)
  A jackal (D:9)
3 creatures vanquished.

Vanquished Creatures (others)
  A bullfrog (D:9)
  A leopard gecko (D:4)
  An orc (D:6)
  A kobold (D:9)
  2 fungi (D:8)
  4 plants (D:8)
10 creatures vanquished.

Grand Total: 299 creatures vanquished

Notes
Turn   | Place    | Note
-------+----------+-------------------------------------------
     0 | D:1      | Fang the Gargoyle Berserker began the quest for the Orb.
     0 | D:1      | Reached XP level 1. HP: 14/14 MP: 1/1
   234 | D:1      | Reached XP level 2. HP: 17/19 MP: 2/2
   396 | D:1      | Reached skill level 3 in Axes
   503 | D:2      | Found a faded altar of an unknown god.
   547 | D:2      | Found a snail-covered altar of Cheibriados.
   680 | D:2      | Found a white marble altar of Elyvilon.
   685 | D:2      | Reached XP level 3. HP: 21/24 MP: 3/3
   738 | D:2      | Noticed Terence
   755 | D:2      | Killed Terence
   845 | D:2      | Reached XP level 4. HP: 26/29 MP: 4/4
   944 | D:3      | Reached ** piety under Trog
   984 | D:3      | Reached XP level 5. HP: 19/33 MP: 5/5
  1160 | D:3      | Reached skill level 4 in Axes
  1184 | D:3      | Noticed Jessica
  1187 | D:3      | Noticed Sigmund
  1199 | D:3      | Killed Jessica
  1212 | D:3      | Killed Sigmund
  1212 | D:3      | Reached XP level 6. HP: 21/39 MP: 6/6
  1493 | D:3      | Found a runed door.
  1673 | D:3      | Found a sparkling altar of Nemelex Xobeh.
  1877 | D:3      | Noticed Crazy Yiuf
  1882 | D:3      | Killed Crazy Yiuf
  1882 | D:3      | Reached *** piety under Trog
  1882 | D:3      | Reached skill level 5 in Axes
  2027 | D:4      | Reached XP level 7. HP: 21/44 MP: 7/7
  2037 | D:4      | Reached skill level 5 in Fighting
  2205 | D:4      | Got a pair of fine boots
  2211 | D:4      | Identified the cursed -1 pair of boots of the Skies Above
                  | {Int+4 Stlth-} (You found it on level 4 of the Dungeon)
  2317 | D:4      | Reached skill level 1 in Stealth
  2323 | D:4      | Reached skill level 6 in Axes
  2395 | D:4      | Found a hazy altar of Hepliaklqana.
  2658 | D:5      | Entered Level 5 of the Dungeon
  2679 | D:5      | Reached XP level 8. HP: 46/49 MP: 8/8
  2728 | D:5      | Found a staircase to the Ecumenical Temple.
  2830 | D:5      | Reached skill level 5 in Armour
  2952 | D:5      | Found an iron altar of Okawaru.
  3512 | Temple   | Entered the Ecumenical Temple
  3548 | D:6      | Found a hide-covered altar of Uskayaw.
  3559 | D:6      | Reached **** piety under Trog
  3572 | D:6      | Reached skill level 7 in Axes
  3648 | D:6      | HP: 1/50 [gnoll/halberd (5)]
  3672 | D:6      | Found Sedghuq's Assorted Antiques.
  4279 | D:6      | Reached skill level 8 in Axes
  4443 | D:7      | Reached XP level 9. HP: 55/55 MP: 9/9
  4477 | D:7      | Reached ***** piety under Trog
  4602 | D:7      | Found a deep blue altar of Sif Muna.
  4883 | D:7      | Noticed Harold
  4893 | D:7      | Killed Harold
  4893 | D:7      | Reached skill level 9 in Axes
  4945 | D:7      | Found a glowing golden altar of the Shining One.
  5080 | D:7      | Found a stormy altar of Qazlal.
  5080 | D:7      | Found a sacrificial altar of Ru.
  5323 | D:8      | Reached skill level 10 in Axes
  5418 | D:8      | Reached XP level 10. HP: 37/63 MP: 10/10
  5624 | D:8      | Found a runed gate.
  5624 | D:8      | Found a runed gate.
  5624 | D:8      | Noticed a kobold demonologist
  5646 | D:8      | Found an opulent altar of Gozag.
  5646 | D:8      | Found a runed gate.
  5646 | D:8      | Noticed Exodus3's ghost (novice MiFi)
  5829 | D:8      | Found a staircase to the Lair.
  6934 | D:8      | Reached skill level 11 in Axes
  7165 | D:9      | Found an ornate altar of the Wu Jian Council.
  7481 | D:9      | Noticed a two-headed ogre
  7487 | D:9      | Killed a two-headed ogre
  7600 | D:9      | Noticed a two-headed ogre
  7609 | D:9      | Killed a two-headed ogre
  7609 | D:9      | Reached XP level 11. HP: 38/69 MP: 11/11
  7713 | D:9      | Got a fine robe
  7724 | D:9      | Identified the +2 robe "Xueleeh" {rElec rPois rCorr Str+5}
                  | (You found it on level 9 of the Dungeon)
  7757 | D:9      | Reached skill level 12 in Axes
  8415 | D:10     | Entered Level 10 of the Dungeon
  8861 | D:10     | Found a staircase to the Orcish Mines.
  9198 | D:10     | Found a shimmering altar of Xom.
  9215 | D:10     | Received a gift from Trog
  9278 | D:10     | HP: 3/71 [centaur/uncursed slimy long sword {slice} (1)]
 10175 | D:10     | Noticed a cyclops
 10191 | D:10     | Killed a cyclops
 10618 | Lair:1   | Entered Level 1 of the Lair of Beasts
 11046 | Lair:1   | Noticed Sonja
 11207 | Lair:1   | Received a gift from Trog
 11668 | Lair:1   | HP: 2/108 [Sonja/uncursed dagger of distortion (6)]
 11668 | Lair:1   | Demolished by Sonja

Skill      XL: |  1  2  3  4  5  6  7  8  9 10 11 |
---------------+----------------------------------+-----
Axes           | 3 4 5 6 8 10 11 12 | 12.9
Dodging        | 2 4 |  4.0
Fighting       | 4 5 6 7 8 9 |  9.7
Armour         | 3 4 5 6 7 8 |  8.4
Stealth        | 1 2 |  2.8

Action                   |  1- 3 |  4- 6 |  7- 9 | 10-12 || total
-------------------------+-------+-------+-------+-------++-------
Melee: Hand axe          |    88 |   183 |   302 |   168 ||   741
       War axe           |       |       |   193 |   350 ||   543
Invok: Berserk           |       |     3 |     6 |     9 ||    18
       Brothers in Arms  |       |       |       |     1 ||     1
  Use: Scroll            |       |     1 |    17 |     9 ||    27
       Potion            |       |       |     3 |     1 ||     4
 Stab: Sleeping          |     1 |       |       |       ||     1
  Eat: Chunk             |       |     5 |    15 |    16 ||    36
       Ration            |       |       |     1 |     4 ||     5
Armor: Animal skin       |    18 |       |       |       ||    18
       Plate armour      |    41 |   176 |   464 |   181 ||   862
       Robe              |       |       |       |   103 ||   103
Dodge: Dodged            |    42 |    77 |   249 |   218 ||   586
Block: Other             |       |     4 |    79 |    60 ||   143
       Reflection        |       |       |     1 |     6 ||     7
